 Dungeon Crawl Stone Soup version 0.32-a0-968-g61e5eb5241 (webtiles) character file.

Game seed: 12285900851075935826

55069 Ajdolov the Frost Mage (level 14, -7/108 HPs)
             Began as a Mummy Ice Elementalist on Apr 17, 2024.
             Was an Initiate of Gozag.
             Killed themself with a badly aimed burst of rock shards (16 damage)
             ... on level 12 of the Dungeon on Apr 18, 2024.
             The game lasted 00:53:59 (28487 turns).

Ajdolov the Frost Mage (Mummy Ice Elementalist)    Turns: 28487, Time: 00:54:00

Health: -7/108     AC: 11    Str: 12    XL:     14   Next: 36%
Magic:  2/30       EV: 11    Int: 19    God:    Gozag
Gold:   4231       SH:  0    Dex: 12    Spells: 14/37 levels left

rFire   + . .        a - staff of cold
rCold   + + +        (no shield)
rNeg    + + +        y - +2 steam dragon scales
rPois   ∞            j - +0 helmet
rElec   .            M - scarf of Pessimism {rC+ rF+, +Inv Stlth+}
rCorr   .            (no gloves)
SInv    .            d - +2 pair of boots
Will    ++...        K - amulet of magic regeneration
Stlth   +++          w - ring of willpower
HPRegen 0.38/turn    s - ring of protection from fire
MPRegen 0.62/turn

%: faith
@: gold aura, freezing walls, very slightly contaminated
A: cold resistance 1, negative energy resistance 3, torment resistance 2, heat
vulnerability 1, in touch with death 2, no potions, faith
a: Renounce Religion, Evoke Invisibility, Potion Petition, Call Merchant, Bribe
Branch


You were on level 12 of the Dungeon.
You worshipped Gozag.
Gozag was most pleased with you.
You visited 3 branches of the dungeon, and saw 18 of its levels.
You also visited: Sewer and Ice Cave.

You collected 5631 gold pieces.
You spent 952 gold pieces at shops.
You paid 448 gold pieces to Gozag.

Inventory:

Hand Weapons
 b - the +8 quarterstaff "Ecsoris" {vamp, *Slow rPois rF+}
   (You found it on level 8 of the Dungeon)

   rF+:       It protects you from fire.
   rPois:     It protects you from poison.
   *Slow:     It may slow you when you take damage.
Missiles
 k - 50 poisoned darts
 o - 10 curare-tipped darts
Armour
 d - a +2 pair of boots (worn)
 j - a +0 helmet (worn)
 u - a +0 cloak
 y - +2 steam dragon scales (worn)
 H - a +4 ring mail of fire resistance
 M - the scarf of Pessimism (worn) {rC+ rF+, +Inv Stlth+}
   (You found it on level 12 of the Dungeon)

   +Inv:      It lets you turn invisible.
   Stlth+:    It makes you more stealthy.
Magical Staves
 a - a staff of cold (weapon)
Jewellery
 s - a ring of protection from fire (right hand)
 w - a ring of willpower (left hand)
 D - a ring of ice
 G - a ring of flight
 K - an amulet of magic regeneration (around neck)
 L - a ring of see invisible
Wands
 f - a wand of paralysis (5)
 m - a wand of roots (8)
 r - a wand of polymorph (16)
 z - a wand of quicksilver (2)
 B - a wand of flame (29)
 F - a wand of mindburst (7)
Scrolls
 c - 4 scrolls of enchant weapon
 e - 3 scrolls of torment
 g - 4 scrolls of poison
 h - 10 scrolls of teleportation
 i - 4 scrolls of amnesia
 l - 3 scrolls of enchant armour
 n - 2 scrolls of noise
 p - 4 scrolls of fog
 q - 4 scrolls of revelation
 t - a scroll of fear
 v - 3 scrolls of vulnerability
 x - 7 scrolls of identify
 A - 2 scrolls of silence
 C - 3 scrolls of immolation
 E - a scroll of butterflies
 J - a scroll of blinking
Miscellaneous
 I - a tin of tremorstones (2/2)


   Skills:
 + Level 9.3 Fighting
 - Level 1.5 Dodging
 - Level 4.0 Stealth
 - Level 12.0 Spellcasting
 + Level 2.1 Necromancy
 + Level 14.5 Ice Magic
 - Level 10.0 Earth Magic
 - Level 5.0 Evocations


You had 14 spell levels left.
You knew the following spells:

 Your Spells              Type           Power      Damage    Failure   Level
a - Freeze                Ice            100%       1d10      0%          1
b - Frozen Ramparts       Ice            100%       1d16      1%          3
c - Ozocubu's Armour      Ice            79%        N/A       1%          3
d - Summon Ice Beast      Ice/Summ       55%        N/A       1%          3
e - Permafrost Eruption   Ice/Erth       36%        2x4d8     6%          6
f - Rimeblight            Ice/Necr       49%        2d9       (prima86%   7

Your spell library contained the following spells:

 Spells                   Type           Power      Damage    Failure   Level
 Hailstorm                Conj/Ice       55%        3d11      1%          3
 Foxfire                  Conj/Fire      44%        2x1d6     6%          1
 Shock                    Conj/Air       44%        1d5       6%          1
 Swiftness                Air            11%        N/A       19%         3
 Sculpt Simulacrum        Ice/Alch       27%        N/A       43%         6
 Airstrike                Air            5%         2d(1-17)  52%         4
 Death Channel            Necr           22%        N/A       98%         6
 Plasma Beam              Fire/Air       5%         2x1d16    100%        6
 Starburst                Conj/Fire      5%         6d4       100%        6


Dungeon Overview and Level Annotations

Branches:
Dungeon (12/15)            Temple (0/1) D:7            Lair (4/5) D:8
 Shoals (0/4) Lair:2        Snake (0/4) Lair:2          Orc (2/2) D:9
    Elf (0/3) Orc:2         Sewer (visited)           IceCv (visited)
  Slime: Lair:4-5

Altars:
Ashenzari
Cheibriados
Dithmenos
Fedhas
Gozag
Hepliaklqana
Makhleb
Nemelex Xobeh
Okawaru
Qazlal
Ru
Trog
Uskayaw
Wu Jian
Yredelemnul

Shops:
D:5 *   D:7 (   D:8 *   D:12 [   Orc:2 (([*:

Annotations:
D:9 1 transporter


Innate Abilities, Weirdness & Mutations

You are immune to poison.
Your flesh is cold resistant. (rC+)
You are immune to negative energy. (rN+++)
You are immune to unholy pain and torment.
You are vulnerable to heat. (rF-)
You are strongly in touch with the powers of death.
You do not drink.
You have a special connection with the divine. (Faith)


Message History

You feel a surge of power!
The walls around you are covered in ice.
The wall freezes the rakshasa. x2
The rakshasa is distracted by your dazzling golden aura.
Unknown command.
You closely miss the rakshasa.
The rakshasa is heavily wounded.
The rakshasa is no longer distracted by gold.
The wall freezes the rakshasa.
The rakshasa gestures at you. The lance of force hits you!
You are knocked back by the lance of force.
You slam into the stone wall!
The wall freezes the rakshasa but does no damage.
The rakshasa blinks!
The wall freezes the manticore!
The manticore is distracted by your dazzling golden aura.
The rakshasa is distracted by your dazzling golden aura.
The wall freezes the rakshasa but does no damage.
The rakshasa hits you but does no damage.
The rakshasa gestures at you. The lance of force hits you!
* * * LOW HITPOINT WARNING * * *
You are knocked back by the lance of force.
You slam into the stone wall!
* * * LOW HITPOINT WARNING * * *
The wall freezes the manticore!
The manticore is no longer distracted by gold.
Okay, then.
The tremorstone explodes into fragments!
The burst of rock shards engulfs the manticore!
You kill the manticore!
The burst of rock shards engulfs the rakshasa!
The burst of rock shards engulfs you!
* * * LOW HITPOINT WARNING * * *
The burst of rock shards engulfs the rakshasa.
The rakshasa is no longer distracted by gold.
The burst of rock shards engulfs the rakshasa but does no damage.
The burst of rock shards engulfs you!
You die...
Your body crumbles into a pile of gold.

###'##..# #.....#####
.....#..######.........#
.....#.................#
.....#.................#
.....#.................#
.....#.................#
.....#...###.R.###.....#
#####..### ###..##.....#
.. ...# ##.@#..(..#
.....# ##R#.....# .....
#$.H....# #. ##.R....#
'..$...# ..$...# ......#
#.....# .....#


You could see 3 rakshasas.

Vanquished Creatures
  An orc warlord (Orc:1)
  7 hydras
  2 catoblepae (Lair:3)
  2 boulder beetles
  5 two-headed ogres
  3 orc high priests (Orc:2)
  4 skysharks (Lair:3)
  3 orc knights
  4 orc sorcerers (Orc:2)
  A manticore (D:12)
  6 elephants
  A torpor snail (Lair:3)
  3 black mambas
  Joseph (D:10)
  A gargoyle (D:12)
  14 cane toads
  Maggie (D:8)
  An unseen horror zombie (D:7)
  9 komodo dragons
  An anaconda simulacrum (IceCv)
  2 ice devils (IceCv)
  A freezing wraith (IceCv)
  Psyche (D:8)
  3 kobold demonologists
  6 trolls
  2 merfolk (Lair:2)
  3 polar bears (Lair:3)
  Grinder (Sewer)
  6 blink frogs (Lair:2)
  2 shadows
  24 yaks
  2 dire elephant simulacra (IceCv)
  5 wyverns
  3 fire bats (Lair:1)
  4 basilisks
  4 vampire mosquitoes
  2 steam dragons
  6 wargs
  A death yak simulacrum (IceCv)
  Menkaure (D:4)
  2 nagas (Lair:2)
  10 water moccasins
  A swamp drake (D:8)
  A sky beast (D:7)
  2 black bears
  4 ogres
  29 orc warriors
  27 wolves
  2 centaurs
  5 kobold brigands
  13 bullfrogs
  A gnoll sergeant (D:9)
  3 scorpions
  5 wights
  An elephant simulacrum (IceCv)
  8 killer bees
  8 howler monkeys
  3 electric eels
  2 bullfrog zombies (D:7)
  A quasit (Sewer)
  3 centaur zombies (D:7)
  26 orc priests
  A bombardier beetle (D:4)
  A gnoll bouda (D:7)
  5 hounds
  4 jellies
  A sleepcap (D:6)
  7 iguanas
  3 hell rats (Lair:3)
  Natasha (thrice) (D:4)
  19 orc wizards
  A polar bear simulacrum (IceCv)
  2 troll simulacra (IceCv)
  A killer bee zombie (D:7)
  6 wolf simulacra (IceCv)
  Robin (D:3)
  8 gnolls
  3 adders
  2 naga simulacra (IceCv)
  4 shadow imps
  4 ufetubi
  A dart slug (D:2)
  2 ribbon worms
  66 orcs
  11 endoplasms
  10 giant cockroaches
  13 goblins
  5 hobgoblins
  12 jackals
  25 kobolds
  A quokka (D:3)
  7 ball pythons
  5 bats
  5 frilled lizards
  4 rats
  3 butterflies (Lair:4)
552 creatures vanquished.

Vanquished Creatures (collateral kills)
  A hydra (Lair:2)
  A komodo dragon (D:8)
  A polar bear (Lair:1)
  2 yaks (Lair:2)
  A vampire mosquito (Lair:1)
  A swamp drake (Lair:1)
  An orc warrior (D:7)
  2 wolves
  2 wights (D:7)
  A jelly (D:7)
  An orc wizard (D:7)
  A polar bear simulacrum (IceCv)
  A killer bee zombie (D:7)
  A wolf simulacrum (IceCv)
17 creatures vanquished.

Vanquished Creatures (others)
  A killer bee (D:7)
  2 bat zombies (Sewer)
  An endoplasm (Sewer)
  A kobold (D:7)
5 creatures vanquished.

Grand Total: 574 creatures vanquished

Notes
Turn   | Place    | Note
-------+----------+-------------------------------------------
     0 | D:1      | Ajdolov the Mummy Ice Elementalist began the quest for the
                  | Orb.
     0 | D:1      | Reached XP level 1. HP: 13/13 MP: 4/4
   193 | D:1      | Reached XP level 2. HP: 19/19 MP: 1/5
   987 | D:1      | You fall into a shaft and drop 1 floor!
  1019 | D:2      | Reached XP level 3. HP: 24/24 MP: 2/7
  1024 | D:2      | Learned a level 3 spell: Frozen Ramparts
  1028 | D:2      | Learned a level 3 spell: Ozocubu's Armour
  1961 | D:3      | Reached skill level 4 in Ice Magic
  1967 | D:3      | Reached XP level 4. HP: 12/30 MP: 0/8
  2037 | D:3      | Noticed Robin
  2042 | D:3      | Killed Robin
  2045 | D:3      | Noticed a kobold brigand
  2162 | D:3      | Killed a kobold brigand
  2163 | D:3      | Reached XP level 5. HP: 9/35 MP: 3/9
  2614 | D:3      | Found a shadowy altar of Dithmenos.
  3247 | D:4      | Reached skill level 5 in Ice Magic
  3247 | D:4      | Reached XP level 6. HP: 41/41 MP: 0/10
  3422 | D:4      | Noticed Menkaure
  3435 | D:4      | Killed Menkaure
  3444 | D:4      | Noticed Natasha
  3450 | D:4      | Killed Natasha
  3451 | D:4      | Reached skill level 6 in Ice Magic
  3527 | D:4      | Noticed Natasha
  3534 | D:4      | Killed Natasha
  3585 | D:4      | Found a glowing drain.
  3604 | Sewer    | Entered a sewer
  3704 | Sewer    | Reached XP level 7. HP: 46/46 MP: 4/11
  3875 | Sewer    | Found a burning altar of Makhleb.
  4055 | Sewer    | Noticed Grinder
  4066 | Sewer    | Paralysed by Grinder for 3 turns
  4076 | Sewer    | Paralysed by Grinder for 5 turns
  4082 | Sewer    | Paralysed by Grinder for 2 turns
  4094 | Sewer    | Paralysed by Grinder for 4 turns
  4098 | Sewer    | Killed Grinder
  4099 | Sewer    | Reached skill level 7 in Ice Magic
  4708 | D:4      | Noticed Natasha
  4714 | D:4      | Killed Natasha
  4790 | D:4      | Found a sparkling altar of Nemelex Xobeh.
  4792 | D:4      | Found a blossoming altar of Fedhas.
  4812 | D:4      | Reached XP level 8. HP: 52/52 MP: 5/12
  5171 | D:5      | Entered Level 5 of the Dungeon
  5276 | D:5      | Reached skill level 8 in Ice Magic
  5308 | D:5      | Found an opulent altar of Gozag.
  5309 | D:5      | Found Gozag's Platinum Reserve.
  5316 | D:5      | Became a worshipper of Gozag Ym Sagoz the Greedy
  5456 | D:5      | Learned a level 3 spell: Summon Ice Beast
  5680 | D:5      | Reached skill level 1 in Fighting
  6017 | D:6      | Found a snail-covered altar of Cheibriados.
  6343 | D:6      | Found a bloodstained altar of Trog.
  6414 | D:6      | Found an iron altar of Okawaru.
  7115 | D:7      | Found Vodgheaqe's Firing Range.
  7229 | D:7      | Reached skill level 5 in Spellcasting
  7478 | D:7      | Found a hazy altar of Hepliaklqana.
  7483 | D:7      | Reached XP level 9. HP: 60/64 MP: 9/16
  7580 | D:7      | Reached skill level 9 in Ice Magic
  7749 | D:7      | Found a staircase to the Ecumenical Temple.
  8160 | D:7      | Found a broken altar of Ashenzari.
  8182 | D:7      | Found a basalt altar of Yredelemnul.
  8315 | D:7      | Reached skill level 5 in Fighting
  8328 | D:7      | Learned a level 6 spell: Permafrost Eruption
  8387 | D:7      | Found a burning altar of Makhleb.
  8431 | D:7      | Bought 5 curare-tipped darts for 90 gold pieces
  8495 | D:7      | Noticed a balrug
  8498 | D:7      | Noticed a smoke demon
  8498 | D:7      | Noticed a hellwing
  8536 | D:7      | Reached skill level 1 in Earth Magic
  9013 | D:8      | Found Bajorag's General Store.
  9130 | D:8      | Reached skill level 1 in Evocations
  9136 | D:8      | Bought a scroll of identify for 22 gold pieces
  9143 | D:8      | Noticed Maggie
  9314 | D:8      | Killed Maggie
  9315 | D:8      | Reached XP level 10. HP: 17/74 MP: 10/21
  9589 | D:8      | Noticed Psyche
  9846 | D:8      | Found a staircase to the Lair.
  9885 | D:8      | Reached skill level 10 in Ice Magic
 10015 | D:8      | Identified the +8 quarterstaff "Ecsoris" {vamp, *Slow rPois
                  | rF+}
 10165 | D:8      | Found a hide-covered altar of Uskayaw.
 10398 | D:8      | Found a stormy altar of Qazlal.
 10609 | D:8      | Killed Psyche
 11111 | D:9      | Found a staircase to the Orcish Mines.
 11490 | D:9      | Found a transporter.
 11553 | D:10     | Entered Level 10 of the Dungeon
 11639 | D:10     | Noticed Joseph
 11649 | D:10     | Killed Joseph
 11884 | D:10     | Reached XP level 11. HP: 79/79 MP: 17/23
 12087 | D:10     | Found a sacrificial altar of Ru.
 12260 | D:10     | Found an ornate altar of the Wu Jian Council.
 12520 | Lair:1   | Entered Level 1 of the Lair of Beasts
 12546 | Lair:1   | Reached skill level 5 in Earth Magic
 12569 | Lair:1   | Reached skill level 11 in Ice Magic
 12569 | Lair:1   | Reached skill level 5 in Evocations
 12791 | Lair:1   | Found a frozen archway.
 12800 | IceCv    | Entered an ice cave
 13699 | IceCv    | HP: 1/79 [constriction (3)]
 13962 | Lair:1   | Noticed a five-headed hydra
 13982 | Lair:1   | Killed a five-headed hydra
 14893 | Lair:1   | Reached skill level 12 in Ice Magic
 15010 | Lair:2   | Reached XP level 12. HP: 82/86 MP: 17/24
 15116 | Lair:2   | Noticed a five-headed hydra
 15124 | Lair:2   | Killed a five-headed hydra
 15977 | Lair:2   | Found a staircase to the Shoals.
 16334 | Lair:2   | Found a staircase to the Snake Pit.
 16574 | Lair:3   | Noticed a four-headed hydra
 16588 | Lair:3   | Killed a four-headed hydra
 17235 | Lair:3   | Reached skill level 10 in Spellcasting
 17547 | Lair:3   | Noticed a catoblepas
 17563 | Lair:3   | Killed a catoblepas
 17704 | Lair:3   | Noticed a seven-headed hydra
 17708 | Lair:3   | Noticed a four-headed hydra
 17709 | Lair:3   | Killed a seven-headed hydra
 17710 | Lair:3   | Gained mutation: You are strongly in touch with the powers
                  | of death. [Mummy growth]
 17710 | Lair:3   | Reached XP level 13. HP: 18/91 MP: 18/27
 17960 | Lair:3   | Reached skill level 13 in Ice Magic
 18400 | Lair:3   | Reached skill level 10 in Earth Magic
 21288 | Lair:4   | Identified the +0 scale mail of Ennui {rF+ Int+4 Stlth+}
 21485 | Orc:1    | Entered Level 1 of the Orcish Mines
 22764 | Orc:2    | Entered Level 2 of the Orcish Mines
 22891 | Orc:2    | Reached skill level 14 in Ice Magic
 23114 | Orc:2    | Found a staircase to the Elven Halls.
 23120 | Orc:2    | Found Urphidit's Weapon Shoppe.
 23955 | Orc:1    | Reached XP level 14. HP: 47/105 MP: 22/30
 24371 | Orc:2    | Noticed an orc warlord
 24669 | Orc:1    | Killed an orc warlord
 26532 | Orc:2    | Found Hoff's General Store.
 26533 | Orc:2    | Found Xetupp's Book Shop.
 26535 | Orc:2    | Found Wese's Antique Armour Boutique.
 26535 | Orc:2    | Found Mookasen's Antique Weapon Boutique.
 26540 | Orc:2    | Bought a scroll of butterflies for 44 gold pieces
 26541 | Orc:2    | Bought a book of Wicked Creation for 484 gold pieces
 26549 | Orc:2    | Learned a level 7 spell: Rimeblight
 26558 | Orc:2    | Bought a glowing leather armour for 130 gold pieces
 26558 | Orc:2    | Bought a glowing ring mail for 182 gold pieces
 27388 | D:11     | Reached skill level 1 in Necromancy
 27923 | D:12     | Found Dacwau's Antique Armour Emporium.
 27938 | D:12     | Identified the +6 falchion "Toihaucof" {spect, ^Fragile
                  | rPois rN+ Dex+5}
 28457 | D:12     | Identified the scarf of Pessimism {rC+ rF+, +Inv Stlth+}
 28487 | D:12     | Killed themself with a badly aimed burst of rock shards

Illustrated notes

Levels and vault maps discovered:
D:1:      nzn_arrival_depleted_hourglass, layout_basic
D:2:      layout_basic, moated_statue
D:3:      layout_basic, nicolae_dithmenos_shadow_blocks, uniq_robin
D:4:      layout_basic, jmf_multi_god_temple, gup_sewer_entry_glass,
          uniq_natasha, uniq_menkaure
D:5:      layout_rooms, nicolae_gozag_zags_fifth_avenue,
          hangedman_abyss_or_decor_lesser_grid
D:6:      layout_loops_cross, mainiacjoe_overflow_paths, chei_slow_surprise,
          hellmonk_okawaru_the_only_friend_you_need, feat_on_display
D:7:      layout_basic, makhleb_altar_promises_db,
          nicolae_yredelemnul_corpse_copse, ashenzari_altar_1,
          overflow_temple_1_default, minmay_temple_entry_gardened_gates,
          nicolae_shop_firing_range
D:8:      layout_rooms, mainiacjoe_overflow_24_doors,
          nicolae_qazlal_scattered_showers, erik_lair_dragon, serial_shops,
          nicolae_shop_hallway_plus, nicolae_letterblocks
          [nicolae_letter_subblock, nicolae_letter_subblock,
          nicolae_letter_subblock, nicolae_letter_subblock,
          nicolae_letter_subblock, nicolae_letter_subblock,
          nicolae_letter_subblock, nicolae_letter_subblock,
          nicolae_letter_subblock, nicolae_letter_subblock,
          nicolae_letter_subblock, nicolae_letter_subblock,
          nicolae_letter_subblock, nicolae_letter_subblock,
          nicolae_letter_subblock, nicolae_letter_subblock,
          nicolae_letter_subblock, nicolae_letter_subblock,
          nicolae_letter_subblock, nicolae_letter_subblock,
          nicolae_letter_subblock, nicolae_letter_subblock,
          nicolae_letter_subblock, nicolae_letter_subblock,
          nicolae_letter_subblock], uniq_maggie, uniq_psyche
D:9:      gammafunk_jiyva_shrine, layout_basic, zin_academy, orc_0_dummy,
          grunt_ministairs_9, st_stairs_11, corexii_checkpoint
D:10:     layout_loops_ring, lemuel_doored_altar,
          nicolae_ru_sacrificial_ziggurat, uniq_joseph
D:11:     layout_gridville, st_stairs_7
D:12:     layout_irregular_city, serial_shops, nicolae_shop_tiny_statue_garden,
          minmay_checkered_concentric_circles
Lair:1:   layout_regular_city, nicolae_volcano_entry_batcave,
          portal_ice_cave_entry_pillars_2, pond, serial_bayou_shore_b
Lair:2:   layout_hall_layers, elwin_shoals_entry_rooms,
          minmay_snake_entry_guardpost_small, grunt_megastairs_4
Lair:3:   nzn_winding_woodlands_stair_cross [nzn_winding_woodlands_5x15_crooked,
          nzn_winding_woodlands_center_diamonds,
          nzn_winding_woodlands_5x15_cabin, nzn_winding_woodlands_5x5_perimeter,
          nzn_winding_woodlands_5x5_closed_star, nzn_winding_woodlands_5x15_eye,
          nzn_winding_woodlands_center_pierced_h,
          nzn_winding_woodlands_5x15_parted], layout_concentric_octagons,
          nicolae_quartered_pool_super, nzn_sisyphean_effort
Lair:4:   layout_big_grid, lemuel_fruit_fields
Orc:1:    layout_diamond_mine, nooodl_orcs_dogs
Orc:2:    st_orc_congregation, layout_caves, serial_shops, shop

Skill      XL: |  1  2  3  4  5  6  7  8  9 10 11 12 13 14 |
---------------+-------------------------------------------+-----
Stealth        | 2 3 4 |  4.0
Ice Magic      | 4 5 6 7 8 9 10 12 14 | 14.5
Spellcasting   | 5 7 8 10 12 | 12.0
Fighting       | 3 5 8 9 |  9.3
Earth Magic    | 1 4 7 9 10 | 10.0
Evocations     | 1 4 5 |  5.0
Necromancy     | 2 |  2.1
Dodging        | |  1.5

Action                     |  1- 3 |  4- 6 |  7- 9 | 10-12 | 13-15 || total
---------------------------+-------+-------+-------+-------+-------++-------
  Melee: Dagger            |    18 |       |       |       |       ||    18
         Short sword       |    13 |    92 |   337 |    13 |       ||   455
         Quarterstaff      |       |       |       |   365 |   100 ||   465
         Staff             |       |       |       |       |    61 ||    61
  Throw: Dart              |       |       |       |       |     5 ||     5
   Cast: Freeze            |    43 |    15 |    12 |     4 |       ||    74
         Frozen Ramparts   |       |    16 |    53 |    77 |    36 ||   182
         Ozocubu's Armour  |       |     7 |    26 |    60 |    20 ||   113
         Summon Ice Beast  |       |       |    10 |    23 |     9 ||    42
         Permafrost Erupti |       |       |       |     6 |   189 ||   195
 Invoke: Potion Petition   |       |       |       |     1 |       ||     1
  Evoke: Wand              |       |       |     4 |    13 |     2 ||    19
    Use: Scroll            |       |     6 |     5 |     4 |       ||    15
   Stab: Sleeping          |     8 |     3 |     7 |       |       ||    18
         Distracted        |       |       |       |     4 |     1 ||     5
         Paralysed         |       |       |       |    16 |       ||    16
 Armour: Robe              |    26 |    38 |   270 |       |       ||   334
         Steam dragon scal |       |       |       |   473 |   256 ||   729
  Dodge: Dodged            |    45 |   113 |   425 |   327 |   158 ||  1068

Table legend: (Time is in decaauts)
 A = Elapsed time spent in this place.
 B = Non-inter-level travel time spent in this place.
 C = Inter-level travel time spent in this place.
 D = Time resting spent in this place.
 E = Time spent auto-exploring this place.
 F = Levels seen in this place.
 G = Mean time per level.
                   A        B        C        D        E       F      G
               +--------+--------+--------+--------+--------+-----+--------+
         Total |  28736 |  27844 |    892 |   5166 |  17595 |  20 | 1436.8 |
       Dungeon |  13632 |  13052 |    580 |   1030 |   9717 |  12 | 1136.0 |
          Lair |   8018 |   7874 |    144 |   1150 |   5270 |   4 | 2004.5 |
  Orcish Mines |   5373 |   5206 |    167 |   2141 |   2298 |   2 | 2686.5 |
         Sewer |    661 |    661 |      0 |    199 |    214 |   1 |  661.0 |
      Ice Cave |   1049 |   1049 |      0 |    645 |     96 |   1 | 1049.0 |
               +--------+--------+--------+--------+--------+-----+--------+

Top non-repeatable levels by time:
   Orc:1: 3390 daAuts
  Lair:3: 3351 daAuts
     D:7: 2284 daAuts
   Orc:2: 1983 daAuts
  Lair:2: 1818 daAuts
     D:8: 1771 daAuts
  Lair:1: 1536 daAuts
     D:3: 1360 daAuts
  Lair:4: 1312 daAuts
     D:1: 1244 daAuts
     D:4: 1215 daAuts
     D:9: 1069 daAuts
   IceCv: 1049 daAuts
    D:11: 935 daAuts
    D:10: 928 daAuts
